[Event "EU-ch 12th"]
[Site "Aix les Bains"]
[Date "2011.03.31"]
[Round "9"]
[White "Edouard, Romain"]
[Black "Roser, Kevin"]
[Result "1/2-1/2"]
[ECO "B48"]
[WhiteElo "2600"]
[BlackElo "2423"]
[Annotator "Marchand,A/Primel,D"]
[PlyCount "145"]
[EventDate "2011.03.22"]
[EventType "swiss"]
[EventRounds "11"]
[EventCountry "FRA"]
[SourceTitle "CBM 142 Extra"]
[Source "ChessBase"]
[SourceDate "2011.06.27"]
[SourceVersion "1"]
[SourceVersionDate "2011.06.27"]
[SourceQuality "1"]
[TimeControl "40/5400+30:1800+30"]

1. e4 c5 {A,MARCHAND: Kevin a neutralisé le GMI Romain EDOUARD avec les noirs
et réalisé ainsi un excellent résultat en prenant un précieux 1/2 point contre
un 2600 ! Et même d'après Pierre RALLE présent lors de la finale, Kevin avait
une meilleure position dans une finale de Tours mais n'a pu concrétiser.} 2.
Nf3 Nc6 3. d4 cxd4 4. Nxd4 e6 5. Nc3 Qc7 6. Be3 a6 7. Qd2 {Préparant l'attaque
anglaise} Nf6 8. O-O-O Bb4 (8... Be7) 9. f3 Ne5 (9... O-O 10. g4
$14 b5 11. g5 Ne8 12. Nxc6 dxc6 13. h4 e5 14. h5 {Motylev,A (2676)-Arsovic,Z 
(2475) EU-ch 10th Budva 2009 (6) 1-0} (14. a3 Be7 15. g6 {Pavlovic})) 10. Nb3
b5 (10... d5 {Risqué} 11. Bd4 O-O 12. Kb1 $14) 11. Kb1 (11. Qe1 {La grande
ligne} Be7 12. f4 Nc4 (12... Ng6 13. e5 Ng4 14. Ne4 O-O 15. Bc5 Bb7 16. h3 Nh6
17. Bxe7 Nxe7 18. Bd3 Nd5) 13. e5 {Ter Sahakyan,S (2575)-Potkin,V (2653) EU-ch
12th Aix-les-Bains 2011 (4) 0-1}) 11... Nc4 {Les Noirs obtiennent un bon
contre-jeu après l'ouverture de la colonne "b"} 12. Bxc4 bxc4 13. Nc1 Rb8 14. N1e2 O-O 15. Bf4 e5 16. Bg5 Ne8 (16... Qb6 $11 ) 17. h4 $146 (17. Qe1 Ba3 18. b3 f6 19. Bc1 Bc5 20. Nd5 Qa7 21.
Nec3 Nc7 22. Nxc7 Qxc7 23. Nd5 Qa7 24. Be3 a5 25. Qc3 Bxe3 26. Qxe3 Qxe3 27.
Nxe3 cxb3 28. cxb3 a4 29. Kb2 axb3 30. axb3 g6 31. g4 Kf7 {Stojanovic,D (2469)
-Krstic,P (2205)/Belgrade 2006/1-0 (39)}) ({RR} 17. Ka1 d6 18. a3 a5 $1 19.
axb4 axb4 20. Na2 Be6 21. Nxb4 Ra8+ 22. Kb1 Qa5 23. c3 Qa1+ 24. Kc2 Qa4+ 25.
Kc1 Qa1+ {1/2-1/2 Kritz,L (2597)-Schlosser,P (2554)/Germany 2006}) 17... Qa5
18. h5 f6 19. Be3 Nc7 $1 20. h6 g6 21. Ka1 d6 (21...
Nb5 22. Qd5+) 22. Qc1 Be6 23. Bd2 Rfd8 24. a3 Nb5 $1 (24... d5 25. Nxd5 Nxd5
26. exd5 Bxd2 27. Rxd2 Bxd5 28. Nc3 Bc6 $11) 25. Nd5 Bxd2 26. Rxd2 Bxd5 27.
Rxd5 Qb6 (27... Qa4 28. Rhd1 c3 $1) 28. Rhd1 Qf2 29. R5d2 Qe3 30. c3 Rb6 31.
Rc2 Qxc1+ (31... Qc5 ) 32. Rcxc1 Kf7 33. Ng3 Nc7 (33... Ke6) 34.
Nf1 Ke6 $11 {Romain doit se méfier car son K est trés mal placé dans la finale
et les Noirs ont au minimum l'égalité.} 35. Ne3 Rc6 36. g3 f5 $1 37. exf5+ gxf5
38. f4 Rg8 $1 (38... e4 ) 39. fxe5 dxe5 40. Rf1 Rg5 (40... Rf8 $5)
41. Rcd1 Ne8 42. Rd8 Nd6 43. Rd1 Rg6 44. a4 Nf7 45. Re8+ Kf6 46. Nxf5 $1 {
Une " petite combinaison" qui sauve les Blancs} Kxf5 47. Rf1+ Ke4 48. Rf4+ Kd5
(48... Kd3 49. Rxf7 ) 49. Rxf7 Rxh6 50. Rfe7 $11 Rh5 51. g4 Rg5 52.
Rxh7 Rxg4 53. Rd7+ Rd6 54. Rxd6+ Kxd6 55. Ra8 e4 56. Rxa6+ Ke5 57. Ra8 e3 58.
Kb1 Ke4 59. Kc2 Rg2+ 60. Kd1 Rxb2 61. a5 Kd3 62. Rd8+ Kxc3 63. Re8 Rd2+ 64. Ke1
Kd3 65. Rd8+ Kc2 66. Rc8 c3 67. a6 Kd3 68. a7 c2 69. Rd8+ Kc3 70. Rc8+ Kd3 71.
Rd8+ Kc4 72. Rc8+ Kd3 73. Rd8+ 1/2-1/2

[Event "Belgrade RAD 30"]
[Site "Belgrade"]
[Date "1977.01.25"]
[Round "8.7"]
[White "Suetin, Alexey S"]
[Black "Matulovic, Milan"]
[Result "1/2-1/2"]
[ECO "B48"]
[WhiteElo "2525"]
[BlackElo "2510"]
[Annotator "Primel,D"]
[PlyCount "44"]
[EventDate "1977.01.15"]
[EventType "tourn"]
[EventRounds "13"]
[EventCountry "SRB"]
[EventCategory "9"]
[SourceTitle "EXT 2018"]
[Source "ChessBase"]
[SourceDate "2017.10.13"]
[SourceVersion "1"]
[SourceVersionDate "2017.10.13"]
[SourceQuality "1"]
[TimeControl "40/9000:16/5400:0"]

1. e4 c5 2. Nf3 Nc6 3. d4 cxd4 4. Nxd4 Qc7 5. Nc3 e6 6. Be3 a6 7. Bd3 Nf6 8.
O-O Ne5 9. h3 Bc5 10. Qe2 d6 11. f4 Ned7 (11... Ng6 12. Nb3 Bxe3+ 13. Qxe3 O-O
14. e5 dxe5 15. Bxg6 exf4 16. Bxf7+ Rxf7 17. Rxf4 Bd7 18. Re1 Re8 19. Qe5 Bc8
20. Nd4 Qxe5 21. Rxe5 Rfe7 22. Nf3 b6 23. Re3 Bb7 24. Ne5 Nd5 25. Ref3 Nxf4 26.
Rxf4 Rd8 27. Rf2 b5 28. a3 a5 29. Nd3 Bc6 30. Ne5 Be8 31. Ne4 Rd5 32. Nd3 b4
33. axb4 axb4 34. b3 e5 35. Nd2 e4 36. Nxb4 Rb5 {0-1 (36) Radulov,I (2490)
-Barcza,G (2465) Hastings 1972}) 12. Rae1 {La prépration du russe sur une
partie précédente du yougoslave jouée 3 ans plus tôt.} (12. f5 e5 13. Nb3
Bxe3+ 14. Qxe3 b5 15. a3 Bb7 16. Rad1 O-O 17. Rf2 Rfd8 18. Rfd2 Nc5 19. g4 Nxb3
20. cxb3 d5 21. exd5 Nxd5 22. Nxd5 Rxd5 23. Bf1 Rxd2 24. Rxd2 f6 25. b4 Rd8 26.
Kf2 Kf7 {Palatnik,S-Matulovic,M Belgrade 1974 1/2-1/2 (35)}) 12... b5 13. Nb3
Bxe3+ 14. Qxe3 e5 $5 $146 {[%cal Ge5f4,Gd7e5] Concède la case "d5" mais le
Nd7 défend bien la position} (14... Bb7 15. a3 O-O 16. Rf2 Rac8 17. g3 Rfd8
18. Bf1 Nb6 19. Rd2 Na4 20. Rd3 Nxb2 {0-1 (20) Rubinstein,J-Panno,O Villa
Gesell 1970}) 15. fxe5 dxe5 16. Nd5 Nxd5 17. exd5 Bb7 $132 18. Be4 Rb8 19. Rd1
Qd6 20. Na5 O-O 21. Nc6 Rbe8 22. Na5 Ba8 1/2-1/2

[Event "Match/Team URS-World 20,5-19,5"]
[Site "Belgrade"]
[Date "1970.03.29"]
[Round "1.9"]
[White "Tal, Mihail"]
[Black "Najdorf, Miguel"]
[Result "1/2-1/2"]
[ECO "B48"]
[WhiteElo "2590"]
[BlackElo "2570"]
[Annotator "Tal/Najdorf"]
[PlyCount "81"]
[EventDate "1970.03.29"]
[EventType "team"]
[EventRounds "4"]
[EventCountry "YUG"]
[SourceTitle "MCL"]
[Source "ChessBase"]
[SourceDate "1999.07.01"]
[SourceVersion "1"]
[SourceVersionDate "1999.07.01"]
[SourceQuality "1"]
[WhiteTeam "Soviet Union"]
[BlackTeam "World"]
[WhiteTeamCountry "URS"]
[TimeControl "40/9000:16/5400:0"]

1. e4 c5 2. Nf3 Nc6 3. d4 cxd4 4. Nxd4 e6 5. Nc3 Qc7 6. Be3 a6 7. Bd3 Nf6 8.
O-O Ne5 (8... Nxd4 9. Bxd4 Bc5 {Tal=:T}) (8... b5 {T}) 9. h3 (9. Be2 b5 10. f4
Nc4 11. Bxc4 Qxc4 12. e5 Nd5 13. Nxd5 Qxd5 $15 {Najdorf=:N}) 9... Bc5 10. Kh1
$2 {T} (10. Na4 Ba7 11. c4 Nxc4 12. Bxc4 Qxc4 13. Rc1 Qb4 14. Re1 Nxe4) (10. f4
$6 Nc6 11. Nf5 Qb6 12. Nd6+ Kf8 (12... Ke7 $142) 13. Bxc5 Qxc5+ 14. Kh1 Qxd6
15. e5 {Tal}) (10. Be2 {T}) 10... d6 11. f4 Ned7 (11... Nc6 12. e5 $5 {T} (12.
Be2) 12... Bxd4 (12... dxe5 13. Nxe6 $1) 13. Bxd4 Nxd4 (13... dxe5 14. fxe5
Nxe5 15. Ne4 $1 $16 {N}) 14. exf6 gxf6 $40 {N}) 12. Qf3 (12. g4 h6 {T}) 12...
b5 $1 {T/N} 13. Nb3 (13. e5 Bb7 14. exd6 (14. Ne4 Nxe4 15. Bxe4 Bxe4 16. Qxe4
d5 $15 {T}) 14... Qb8 (14... Bxd6 $2 15. Ndxb5 $1) 15. Qf2 (15. Qg3 Bxd6 16.
Qxg7 $2 Rg8 $17 {N}) 15... Bxd6 $15) (13. Rad1 Rb8 {T} (13... b4) (13... Bb7
14. Bxb5)) 13... Bb7 14. a4 b4 15. Ne2 Bxe3 (15... O-O $142 {T}) 16. Qxe3 Nc5
17. Ng3 Rc8 (17... O-O {T}) 18. Qe2 $1 {T} O-O (18... Nxd3 19. cxd3 Qc2 20.
Qxc2 Rxc2 21. Na5 {P 22. fc1 T}) (18... h5 19. e5 h4 20. exf6 hxg3 $1 {T}) 19.
Nxc5 Qxc5 20. Rad1 (20. e5 {T} dxe5 21. fxe5 Nd7 22. Rae1 (22. Bxh7+ Kxh7 23.
Qd3+ Kg8 24. Qxd7 Rc7 $10 {T/N}) 22... Qd4 {T}) (20. Bxa6 Bxa6 21. Qxa6 Qxc2 {T
} 22. Rac1 $2 Qxc1 $17 {N}) 20... a5 $2 {N} (20... d5 $1 21. exd5 (21. e5 Ne4
$1) 21... Nxd5 22. Ne4 Qe7 23. Qh5 h6 24. f5 exf5 25. Qxf5 g6 $10 {N}) 21. e5
$1 {N} dxe5 22. fxe5 Nd5 (22... Nd7 23. Bxh7+ Kxh7 24. Qh5+ (24. Rxd7 Bc6 $2
25. Qh5+ {N}) 24... Kg8 25. Rxd7 $18 {T}) 23. Ne4 Qe3 24. Qh5 (24. Qg4 Qh6 25.
Nf6+ Kh8 $1 26. Nxd5 Bxd5 27. Rf4 f5 {T}) 24... Qh6 $1 {T} (24... h6 $2 25. Rf3
{N}) (24... g6 $2 25. Qh4 {N}) 25. Qxh6 gxh6 26. Rf3 (26. Nf6+ Nxf6 27. Rxf6 {T
}) (26. Nd6 {T}) 26... Rc7 (26... Bc6 $142 {N}) 27. Rdf1 {P 28. g3 h8 29. f6
f6 30. f6 +- N} Ne7 $1 {T} 28. Rg3+ Kh8 (28... Ng6 $2 29. Nf6+ Kh8 30. Nxh7 $1
{N}) 29. Nd6 (29. Nf6 Nf5 (29... Ng6 30. Nxh7 $1 Rg8 31. Bxg6 fxg6 32. Nf8 $1
g5 33. Rf6 {T}) (29... Rd8 30. Nxh7 Nf5 {T}) 30. Bxf5 exf5 31. Rxf5 Rxc2 32.
Rh5 Bc8 33. Rxh6 Bf5 34. h4 {T}) 29... Nc6 (29... Ng6 30. Bxg6 hxg6 31. Rxg6
Rxc2 32. Nxb7 {N}) (29... Ng8 30. Bc4 $1 {N/T} Bc8 31. b3 {T}) 30. Re3 {
P 31. f6! N/T} Kg7 $1 {N} 31. Rf4 (31. Rf6 $2 Nxe5 $1 {N}) 31... Ne7 32. Bb5 (
32. Rxf7+ Rxf7 33. Ne8+ Kf8 (33... Kh8 34. Nxc7 Nd5 35. Nxd5 Bxd5 36. Kg1 $14 {
N}) 34. Nxc7 Nd5 {T}) 32... Ng6 33. Rd4 (33. Rf2 {T}) 33... Bd5 $1 {T} (33...
Bc6 34. Rc4 {T}) 34. c4 (34. Ne8+ Rxe8 35. Bxe8 Rxc2 $15 {T/N}) 34... bxc3 35.
bxc3 Rc5 $1 {P 36... a8 N} 36. Ne8+ Kh8 37. Nf6 Rfc8 (37... Nxe5 {??! T} 38.
Rxe5 (38. Nxd5) 38... Bxg2+ 39. Kxg2 $1 Rxe5 40. Nd7 {T}) 38. c4 Bxc4 (38...
Bc6 39. Bxc6 R5xc6 40. Ree4 Rc5 {T} 41. Nd7 $10 {T/N}) 39. Ne4 Bxb5 $1 {T} (
39... Rxe5 $2 40. Bxc4 $1 f5 41. Nd6 $1 {T}) 40. Nxc5 Rxc5 41. axb5 {adjourned}
1/2-1/2